 Seeded DCSS version 0.29.1-1-gd02db6906a (webtiles) character file.

Game seed: 2387645567842811425 (custom seed)

18434 lonewolfV2 the Protected (level 12, -6/79 HPs)
             Began as a Gargoyle Fighter on Oct 18, 2022.
             Was the Champion of Okawaru.
             Mangled by a very large slime creature (27 damage)
             ... on level 12 of the Dungeon.
             The game lasted 00:33:51 (15523 turns).

lonewolfV2 the Protected (Gargoyle Fighter)        Turns: 15523, Time: 00:33:51

Health: -6/79      AC: 47    Str: 26    XL:     12   Next: 58%
Magic:  12/12      EV:  5    Int: 10    God:    Okawaru [******]
Gold:   530        SH:  9    Dex: 23    Spells: 11/11 levels left

rFire   + . .      SeeInvis .   y - +4 war axe (freeze)
rCold   . . .      Faith    .   c - +1 buckler
rNeg    + . .      Spirit   .   f - +14 crystal plate armour of Beogh's Outrage {rF+ Str+4}
rPois   ∞          Reflect  .   B - +0 helmet
rElec   +          Harm     .   k - +0 cloak
rCorr   .          Rampage  .   (no gloves)
Will    .....                   (no boots)
Stlth   ..........              (no amulet)
HPRegen 0.23/turn               m - +6 ring of dexterity
MPRegen 0.13/turn               n - +6 ring of dexterity

@: mighty
A: sickness immunity, AC +8, negative energy resistance 1, electricity
resistance, torment resistance 1, petrification resistance
a: Renounce Religion, Heroism, Finesse, Duel


You were on level 12 of the Dungeon.
You worshipped Okawaru.
Okawaru was exalted by your worship.
You visited 2 branches of the dungeon, and saw 13 of its levels.

You collected 670 gold pieces.
You spent 140 gold pieces at shops.

Inventory:

Hand Weapons
 h - a +2 morningstar of venom
 y - a +4 war axe of freezing (weapon)
Missiles
 D - a throwing net
Armour
 b - a +0 scale mail
 c - a +1 buckler (worn)
 f - the +14 crystal plate armour of Beogh's Outrage (worn) {rF+ Str+4}
   (You acquired it on level 1 of the Dungeon)

   Str:       It affects your strength (+4).
   rF:        It protects you from fire.
 k - a +0 cloak (worn)
 B - a +0 helmet (worn)
Jewellery
 e - a ring of protection from cold
 m - a +6 ring of dexterity (left hand)
 n - a +6 ring of dexterity (right hand)
Wands
 s - a wand of iceblast (23) (quivered)
 A - a wand of paralysis (4)
Scrolls
 a - 2 scrolls of fog
 j - 12 scrolls of teleportation
 q - a scroll of magic mapping
 w - 2 scrolls of amnesia
 x - a scroll of summoning
 z - a scroll of poison
 C - 3 scrolls of enchant weapon
 E - a scroll of blinking
Potions
 i - 2 potions of haste
 l - a potion of magic
 o - 4 potions of lignification
 p - 6 potions of flight
 r - a potion of attraction
 t - a potion of cancellation {unknown}
 u - 2 potions of degeneration {unknown}
 v - a potion of mutation {unknown}


   Skills:
 + Level 10.6 Fighting
 * Level 10.0(10.6) Axes
 - Level 6.0(9.2) Maces & Flails
 + Level 11.5 Armour
 + Level 10.7 Shields


You had 11 spell levels left.
You didn't know any spells.
Your spell library contained the following spells:

 Spells                   Type           Power      Damage    Failure   Level
 Beastly Appendage        Tmut           0%         N/A       100%        1
 Necrotise                Necr           0%         1d4       100%        1
 Passwall                 Tmut/Erth      0%         N/A       100%        2
 Wereblood                Tmut           0%         N/A       100%        2
 Confusing Touch          Hex            0%         N/A       100%        3
 Gell's Gravitas          Tloc           0%         N/A       100%        3
 Lesser Beckoning         Tloc           0%         N/A       100%        3
 Spider Form              Tmut/Pois      0%         N/A       100%        3
 Teleport Other           Tloc           0%         N/A       100%        3
 Vampiric Draining        Necr           0%         2d6       100%        3
 Agony                    Necr           0%         N/A       100%        5
 Blade Hands              Tmut           0%         N/A       100%        5
 Freezing Cloud           Conj/Ice/Air   0%         6-21      100%        5
 Yara's Violent Unravell  Hex/Tmut       0%         3d3       100%        5
 Enfeeble                 Hex            0%         N/A       100%        7
 Orb of Destruction       Conj           0%         9d5       100%        7
 Polar Vortex             Ice            0%         N/A       100%        9
 Summon Guardian Golem    Hex/Summ       Unusable   N/A       N/A         3
 Death Channel            Necr           Unusable   N/A       N/A         6
 Simulacrum               Ice/Necr       Unusable   N/A       N/A         6
 Spellforged Servitor     Conj/Summ      Unusable   N/A       N/A         7

Dungeon Overview and Level Annotations

Branches:
Dungeon (12/15)            Temple (1/1) D:4            Lair (0/5) D:10
    Orc (0/2) D:9

Altars:
Ashenzari
Cheibriados
Dithmenos
Elyvilon
Fedhas
Gozag
Hepliaklqana
Kikubaaqudgha
Makhleb
Nemelex Xobeh
Okawaru
Qazlal
Ru
Sif Muna
Trog
Uskayaw
Vehumet
Wu Jian
Xom
Yredelemnul
Zin
The Shining One

Shops:
D:3 *   D:5 [   D:8 !   D:10 (

Annotations:
D:11 1 runed translucent door, quakins's ghost, novice TrTm


Innate Abilities, Weirdness & Mutations

You are immune to sickness and miasma.
Your stone body is resilient. (AC +8)
You are immune to poison.
You resist negative energy. (rN+)
You are resistant to electric shocks. (rElec)
You are resistant to unholy torment.
You are immune to petrification.


Message History

The slime creature is moderately wounded.
You block the slime creature's attack.
Two slime creatures merge to form a very large slime creature.
You slash the very large slime creature!
You freeze the very large slime creature.
The very large slime creature is lightly wounded.
You slice the very large slime creature!!
You freeze the very large slime creature!
The very large slime creature is moderately wounded.
You slash the very large slime creature!
You freeze the very large slime creature.
The very large slime creature is heavily wounded.
The very large slime creature hits you!!
* * * LOW HITPOINT WARNING * * *
You slash the very large slime creature!
You freeze the very large slime creature.
The very large slime creature is heavily wounded.
The very large slime creature hits you.
* * * LOW HITPOINT WARNING * * *
You slice the very large slime creature!!
You freeze the very large slime creature!
The very large slime creature is severely wounded.
You block the very large slime creature's attack.
You hit the very large slime creature.
You freeze the very large slime creature.
The very large slime creature is severely wounded.
The very large slime creature hits you but does no damage.
You slash the very large slime creature!
You freeze the very large slime creature.
The very large slime creature is almost dead.
The very large slime creature hits you but does no damage.
You slash the very large slime creature!
You freeze the very large slime creature.
The very large slime creature is almost dead.
You block the very large slime creature's attack.
You slash the very large slime creature!
You freeze the very large slime creature.
The very large slime creature is almost dead.
The very large slime creature hits you!!
You die...

#. #####...## ####..
#......... ......
+.....#...
......######.........
.................#
.............<...#
......#.#####'#.##
..... #J# #.# # ....
#@# #.# ... #.#####.#
## #.......#
#########


You could see a very large slime creature.

Vanquished Creatures
  A hydra (D:7)
  A death knight (D:10)
  2 centaur warriors
  2 two-headed ogres (D:10)
  An ugly thing (D:12)
  A manticore (D:10)
  2 cyclopes
  3 centaur zombies (D:10)
  An unseen horror (D:11)
  4 trolls
  2 hornets
  4 slime creatures (D:10)
  2 shadows (D:10)
  3 wraiths
  2 wyverns
  25 yaks
  A steam dragon (D:8)
  2 vampires
  4 vampire mosquitoes (D:11)
  2 acid dragons
  2 ice beasts
  A meliai simulacrum (D:10)
  A black bear (D:7)
  4 orc warriors
  3 centaurs
  3 phantoms
  2 bullfrogs
  2 kobold brigands
  A necrophage (D:6)
  A spectral wyvern (D:6)
  4 scorpions
  9 wights (D:6)
  15 killer bees
  A spectral bullfrog (D:6)
  7 howler monkeys
  A crimson imp (D:8)
  A bullfrog zombie (D:6)
  5 orc priests
  2 hounds (D:5)
  2 gnoll boudas
  A bullfrog skeleton (D:6)
  10 orc wizards
  4 iguanas
  A mummy (D:6)
  22 gnolls
  6 adders
  2 shadow imps
  2 white imps (D:7)
  3 ufetubi
  A worm (D:4)
  6 dart slugs
  24 orcs
  8 endoplasms
  6 giant cockroaches
  14 goblins
  6 hobgoblins
  7 jackals
  16 kobolds
  6 quokkas
  6 ball pythons
  6 bats
  3 frilled lizards
  6 rats
298 creatures vanquished.

Vanquished Creatures (others)
  15 withered plants (D:6)
15 creatures vanquished.

Grand Total: 313 creatures vanquished

Notes
Turn   | Place    | Note
-------+----------+-------------------------------------------
     0 | D:1      | lonewolfV2 the Gargoyle Fighter began the quest for the
                  | Orb.
     0 | D:1      | Reached XP level 1. HP: 14/14 MP: 1/1
    94 | D:1      | Identified a scroll of acquirement
    94 | D:1      | Acquired the +14 crystal plate armour of Beogh's Outrage
                  | {rF+ Str+4}
   242 | D:1      | Reached XP level 2. HP: 17/19 MP: 2/2
   514 | D:1      | Reached XP level 3. HP: 23/23 MP: 3/3
   670 | D:1      | Reached skill level 4 in Armour
   674 | D:1      | Found a faded altar of an unknown god.
  1011 | D:2      | Found a sparkling altar of Nemelex Xobeh.
  1029 | D:2      | Acquired a +6 ring of dexterity
  1112 | D:2      | Reached XP level 4. HP: 29/29 MP: 4/4
  1708 | D:2      | Reached XP level 5. HP: 30/33 MP: 5/5
  2039 | D:3      | Found a bloodstained altar of Trog.
  2044 | D:3      | Found Ybeonkia's Assorted Antiques.
  2133 | D:3      | Reached skill level 5 in Armour
  2570 | D:3      | Found a sparkling altar of Nemelex Xobeh.
  2870 | D:4      | Reached XP level 6. HP: 29/38 MP: 6/6
  3191 | D:4      | Found an ornate altar of the Wu Jian Council.
  3582 | D:3      | Bought a runed morningstar for 140 gold pieces
  3715 | D:4      | Found a staircase to the Ecumenical Temple.
  3726 | Temple   | Entered the Ecumenical Temple
  4065 | D:5      | Entered Level 5 of the Dungeon
  4392 | D:5      | Reached XP level 7. HP: 44/44 MP: 7/7
  4416 | D:5      | Reached skill level 6 in Armour
  4510 | D:5      | Reached skill level 5 in Fighting
  4510 | D:5      | Reached skill level 5 in Shields
  4704 | D:5      | Found Ufegorgh's Antique Armour Shoppe.
  4721 | D:5      | Reached XP level 8. HP: 49/49 MP: 8/8
  4736 | D:5      | Found an iron altar of Okawaru.
  4939 | D:5      | Found an ancient bone altar of Kikubaaqudgha.
  4957 | D:5      | Reached skill level 7 in Armour
  5085 | D:5      | Became a worshipper of Warmaster Okawaru
  5404 | D:6      | Found a shimmering blue altar of Sif Muna.
  5432 | D:6      | Found an opulent altar of Gozag.
  5839 | D:6      | Found a glowing golden altar of the Shining One.
  5992 | D:6      | Found a stormy altar of Qazlal.
  6007 | D:6      | Found a white marble altar of Elyvilon.
  6095 | D:6      | Found a shadowy altar of Dithmenos.
  6214 | D:6      | Reached skill level 1 in Axes
  6330 | D:6      | Found the +4 dagger "Morg" {pain, Will+ Int+5}
  6338 | D:6      | Reached * piety under Okawaru
  6339 | D:6      | Reached skill level 5 in Maces & Flails
  6347 | D:6      | Reached XP level 9. HP: 9/56 MP: 9/9
  6350 | D:6      | Reached skill level 8 in Armour
  6992 | D:7      | Noticed a seven-headed hydra
  7005 | D:7      | Killed a seven-headed hydra
  7066 | D:7      | Reached ** piety under Okawaru
  7348 | D:7      | Found a flagged portal.
  7539 | D:7      | Noticed a hornet
  7553 | D:7      | Killed a hornet
  7769 | D:8      | Noticed a hornet
  7776 | D:8      | Killed a hornet
  7975 | D:8      | Reached XP level 10. HP: 63/63 MP: 10/10
  7987 | D:8      | Reached skill level 9 in Armour
  8405 | D:8      | Found a glowing silver altar of Zin.
  8542 | D:8      | Found Akhlezel's Distillery.
  8567 | D:8      | Reached *** piety under Okawaru
  8765 | D:8      | Found a burning altar of Makhleb.
  9012 | D:9      | Reached skill level 5 in Axes
  9124 | D:9      | Noticed a centaur warrior
  9136 | D:9      | Killed a centaur warrior
  9136 | D:9      | Reached **** piety under Okawaru
  9329 | D:9      | Found a staircase to the Orcish Mines.
 10117 | D:9      | Found a radiant altar of Vehumet.
 10455 | D:10     | Entered Level 10 of the Dungeon
 10455 | D:10     | Noticed a two-headed ogre
 10473 | D:10     | Killed a two-headed ogre
 10473 | D:10     | Reached ***** piety under Okawaru
 10474 | D:10     | Reached skill level 10 in Armour
 10474 | D:10     | Reached XP level 11. HP: 9/69 MP: 8/11
 10996 | D:10     | Found a staircase to the Lair.
 12534 | D:10     | Noticed a two-headed ogre
 12545 | D:10     | Killed a two-headed ogre
 13220 | D:10     | Found a shimmering altar of Xom.
 13286 | D:10     | Found Jisegg's Antique Weapon Shoppe.
 13326 | D:10     | Noticed a manticore
 13328 | D:10     | Reached ****** piety under Okawaru
 13329 | D:10     | Noticed a death knight
 13334 | D:10     | Noticed a centaur warrior
 13337 | D:10     | Noticed a cyclops
 13352 | D:10     | Killed a death knight
 13352 | D:10     | Received a gift from Okawaru
 13358 | D:10     | Killed a manticore
 13365 | D:10     | Killed a centaur warrior
 13366 | D:10     | Reached skill level 10 in Fighting
 13366 | D:10     | Reached skill level 10 in Shields
 13366 | D:10     | Reached XP level 12. HP: 30/77 MP: 12/12
 13371 | D:10     | Reached skill level 11 in Armour
 13854 | D:10     | Got the Omnibus of Loathsome Changing
 15102 | D:11     | Found a runed translucent door.
 15103 | D:11     | Noticed quakins's ghost (novice TrTm)
 15298 | D:11     | Found a bloodstained altar of Trog.
 15513 | D:12     | Reached skill level 10 in Axes
 15523 | D:12     | Mangled by a very large slime creature

Illustrated notes

Levels and vault maps discovered:
D:1:      lemuel_arrival_room, layout_basic, ebering_ecumenical_altar_box
D:2:      layout_loops_ring, serial_rivers, chequers_serial_rivers_micro_e,
          chequers_serial_rivers_micro_b, chequers_serial_rivers_small_3,
          chequers_serial_rivers_micro_c, chequers_serial_rivers_micro_d,
          basic_altar
D:3:      cheibrodos_helix_gallery, layout_rooms, mainiacjoe_overflow_catwalk,
          mainiacjoe_overflow_surrounded_room, serial_shops, shop,
          nrook_mini_backslash
D:4:      layout_rooms, amcnicky_altar_gilded, minmay_temple_entry_nine_rooms,
          glass_columns_a
D:5:      cheibrodos_quashed, layout_basic, mainiacjoe_overflow_alcove_4,
          lemuel_doored_altar, serial_shops, nicolae_shop_trees
D:6:      layout_basic, grunt_gozag_breadcrumbs, elyvilon_altar_5,
          nicolae_tso_carved_into_rock, mainiacjoe_overflow_paths,
          kennysheep_mini, kennysheep_little_box, gup_ossuary_entry_pyramid,
          minmay_misc_feat_iff, minmay_misc_feat_nine_boxes,
          dilly_guarded_unrand_morg
D:7:      minmay_evil_eye, layout_cave_pools, enter_bailey_5
D:8:      layout_loops_corners, makhleb_grotto_becter, marbit_many_paths,
          serial_shops, nicolae_shop_window_shopping
D:9:      layout_roguey, nicolae_overflow_hidden_temple
D:10:     layout_roguey, lemuel_round_altar, lair_entry_dummy, serial_shops,
          nicolae_diamond_shop, grunt_ministairs_12, hangedman_weighted_door,
          corexii_checkpoint_a, minivault_21, minmay_pinched_square
D:11:     layout_basic, ebering_ghost_reflecting_pool, trog_butcher_becter
D:12:     hangedman_cross_stitches, layout_basic
Temple:   nicolae_temple_ecumenical_triangle

Skill      XL: |  1  2  3  4  5  6  7  8  9 10 11 12 |
---------------+-------------------------------------+-----
Armour         | 4 5 6 7 8 10 11 | 11.5
Fighting       | 4 5 6 7 8 10 | 10.6
Shields        | 4 5 6 7 8 10 | 10.7
Maces & Flails | 3 4 5 6 |  6.0
Axes           | 1 4 6 8 10 | 10.0

Action                   |  1- 3 |  4- 6 |  7- 9 | 10-12 || total
-------------------------+-------+-------+-------+-------++-------
Melee: Flail             |    76 |   213 |       |       ||   289
       Morningstar       |       |     9 |    79 |       ||    88
       War axe           |       |       |   120 |   524 ||   644
Throw: Throwing net      |       |       |     1 |       ||     1
Invok: Heroism           |       |       |     1 |     3 ||     4
Evoke: Wand              |       |       |     1 |     2 ||     3
  Use: Scroll            |     2 |    14 |       |    10 ||    26
       Potion            |       |       |     2 |    20 ||    22
Armor: Crystal plate arm |   104 |   389 |   236 |   560 ||  1289
       Scale mail        |    12 |       |       |       ||    12
Dodge: Dodged            |    15 |    61 |    60 |   131 ||   267
Block: Buckler           |    29 |   144 |   115 |   261 ||   549
